cohdb
Replays
Latest Replays
All Replays
Popular Replays
Top Player Replays
Match Explorer
How It Works
Community
CoH3 Stats
Reddit
Sign in to upload your games and track your stats! →
Sign in with Steam
Match 42234017
Unlisted
Match 42234017
Overview
Messages
Build Orders
End
Engineer Squad
Engineer Squad
Selects Heavy Weapons
Construct Weapon Support Center
M1919 Machine Gun Team
Infantry Support Center
M1919 Machine Gun Team
M3 Armored Personnel Carrier
Selects Assault Carriers
Construct Medical Station
Selects M2HB .50cal Heavy Machine Gun
M3 Assault Carrier
M1919 Machine Gun Team
Bazooka Squad
Selects Exchangeable Parts
Construct Motor Pool
M24 Chaffee Light Tank
M1 Anti-tank Gun Team
M24 Chaffee Light Tank
M8 Greyhound Armored Car
M1919 Machine Gun Team
Engineer Squad
Selects M26 Pershing Heavy Tank
M26 Pershing Heavy Tank
Harvard University
Monsieur Nathan
0
0
Comments
sign in to comment!
No comments posted yet!